TOP OF THE 1ST |
Walla Walla Walleyes batting - Pitching for Kennewick Bear Cubs : LHP Kevin Brown
|
Pitching: LHP Kevin Brown
|
|
Batting: SHB Damon Farmar
|
0-0: Ball 1-0: Called Strike 1-1: Swinging Strike 1-2: Strikes out looking
|
Batting: RHB John Cortez
|
0-0: Ground out 5-3 (Groundball, 5, EV 92.5 MPH)
|
Batting: RHB Curtis Burke
|
0-0: Ball 1-0: Called Strike 1-1: SINGLE (Line Drive, 7S, EV 99.4 MPH)
|
Batting: SHB Mike A Brumley
|
0-0: Ball 1-0: Foul Ball, location: 2F 1-1: Foul Ball, location: 2F 1-2: Foul Ball, location: 2F 1-2: Ball 2-2: Foul Ball, location: 2F 2-2: Strikes out swinging
|
Top of the 1st over - 0 runs, 1 hit, 0 errors, 1 left on base; Walla Walla 0 - Kennewick 0 |
BOTTOM OF THE 1ST |
Kennewick Bear Cubs batting - Pitching for Walla Walla Walleyes : RHP Tom Edens
|
Pitching: RHP Tom Edens
|
|
Batting: RHB Matthew Sferrazza
|
0-0: Ball 1-0: Foul Ball, location: 2F 1-1: Ball 2-1: Called Strike 2-2: SINGLE (Line Drive, 7S, EV 106.3 MPH)
|
Batting: LHB Steven Morris
|
0-0: Called Strike 0-1: Ball 1-1: Ball 2-1: Ball 3-1: Called Strike 3-2: Foul Ball, location: 2F 3-2: Fly out, F9 (Flyball, 9, EV 91.9 MPH)
|
Batting: LHB Jose Birriel
|
0-0: Swinging Strike 0-1: Reached on error, E6 (Groundball, 6, EV 111.3 MPH) Matthew Sferrazza to second
|
Batting: RHB Jonathan Black
|
0-0: Called Strike 0-1: Grounds into double play, 6-4-3 (Groundball, 6S, EV 85.6 MPH)
|
Bottom of the 1st over - 0 runs, 1 hit, 1 error, 1 left on base; Walla Walla 0 - Kennewick 0 |
TOP OF THE 2ND |
Walla Walla Walleyes batting - Pitching for Kennewick Bear Cubs : LHP Kevin Brown
|
Batting: RHB Osbe Hoskins
|
0-0: Swinging Strike 0-1: DOUBLE (Line Drive, 9LM, EV 91.3 MPH)
|
Batting: SHB Jeff McKnight
|
0-0: Ball 1-0: Swinging Strike 1-1: Called Strike 1-2: Strikes out swinging
|
Batting: LHB Brian Hartsock
|
0-0: Called Strike Osbe Hoskins is caught stealing 3rd base 2-5 0-1: Ball 1-1: Ground out 6-3 (Groundball, 6, EV 81.3 MPH)
|
Top of the 2nd over - 0 runs, 1 hit, 0 errors, 0 left on base; Walla Walla 0 - Kennewick 0 |
BOTTOM OF THE 2ND |
Kennewick Bear Cubs batting - Pitching for Walla Walla Walleyes : RHP Tom Edens
|
Batting: RHB Roger Jensen
|
0-0: Called Strike 0-1: Fly out, F9 (Line Drive, 9D, EV 92.5 MPH)
|
Batting: RHB Ruben Machado
|
0-0: Foul Ball, location: 2F 0-1: Ball 1-1: Ball 2-1: Ball 3-1: Fly out, F7 (Flyball, 7LS, EV 71.9 MPH)
|
Batting: SHB Eriberto Them
|
0-0: Called Strike 0-1: Foul Ball, location: 2F 0-2: Strikes out swinging
|
Bottom of the 2nd over - 0 runs, 0 hits, 0 errors, 0 left on base; Walla Walla 0 - Kennewick 0 |
TOP OF THE 3RD |
Walla Walla Walleyes batting - Pitching for Kennewick Bear Cubs : LHP Kevin Brown
|
Batting: SHB Rafael Rivas
|
0-0: Foul Ball, location: 2F 0-1: Fly out, F7 (Flyball, 78M, EV 87.5 MPH)
|
Batting: RHB Mitch Lyden
|
0-0: Swinging Strike 0-1: Foul Ball, location: 2F 0-2: Ball 1-2: Strikes out swinging
|
Batting: SHB Damon Farmar
|
0-0: Foul Ball, location: 2F 0-1: Foul Ball, location: 2F 0-2: Foul Ball, location: 2F 0-2: Ball 1-2: Strikes out looking
|
Top of the 3rd over - 0 runs, 0 hits, 0 errors, 0 left on base; Walla Walla 0 - Kennewick 0 |
BOTTOM OF THE 3RD |
Kennewick Bear Cubs batting - Pitching for Walla Walla Walleyes : RHP Tom Edens
|
Batting: LHB Shane Fairbanks
|
0-0: Foul Ball, location: 2F 0-1: Ball 1-1: SINGLE (Groundball, 34D, EV 101.9 MPH)
|
Batting: LHB John Mizerock
|
0-0: Ball 1-0: Called Strike 1-1: Swinging Strike 1-2: Fly out, F6 (Popup, 6, EV 70.6 MPH)
|
Batting: RHB Matthew Sferrazza
|
0-0: Ball 1-0: Ball 2-0: Foul Ball, location: 2F 2-1: Ball 3-1: SINGLE (Line Drive, 6D, EV 101.9 MPH) Shane Fairbanks to second
|
Batting: LHB Steven Morris
|
0-0: Called Strike 0-1: Called Strike 0-2: Foul Ball, location: 2F 0-2: Ball 1-2: Fly out, F9 (Line Drive, 8RM, EV 100.6 MPH)
|
Batting: LHB Jose Birriel
|
0-0: Fly out, F6 (Popup, 6, EV 70.6 MPH)
|
Bottom of the 3rd over - 0 runs, 2 hits, 0 errors, 2 left on base; Walla Walla 0 - Kennewick 0 |
TOP OF THE 4TH |
Walla Walla Walleyes batting - Pitching for Kennewick Bear Cubs : LHP Kevin Brown
|
Batting: RHB John Cortez
|
0-0: Ball 1-0: Foul Ball, location: 2F 1-1: Ball 2-1: Swinging Strike 2-2: Strikes out swinging
|
Batting: RHB Curtis Burke
|
0-0: Called Strike 0-1: Foul Ball, location: 2F 0-2: Foul Ball, location: 2F 0-2: Ball 1-2: Ball 2-2: Strikes out swinging
|
Batting: SHB Mike A Brumley
|
0-0: Ball 1-0: SINGLE (Flyball, 78S, EV 95.0 MPH)
|
Batting: RHB Osbe Hoskins
|
0-0: Ball 1-0: Ball 2-0: Ball 3-0: Base on Balls Mike A Brumley to second
|
Batting: SHB Jeff McKnight
|
0-0: Ball 1-0: Ball 2-0: Fly out, F3 (Line Drive, 3, EV 68.8 MPH)
|
Top of the 4th over - 0 runs, 1 hit, 0 errors, 2 left on base; Walla Walla 0 - Kennewick 0 |
BOTTOM OF THE 4TH |
Kennewick Bear Cubs batting - Pitching for Walla Walla Walleyes : RHP Tom Edens
|
Batting: RHB Jonathan Black
|
0-0: Foul Ball, location: 2F 0-1: Called Strike 0-2: Foul Ball, location: 2F 0-2: Ball 1-2: SINGLE (Line Drive, 56D, EV 100.0 MPH)
|
Batting: RHB Roger Jensen
|
0-0: Called Strike 0-1: Ball 1-1: Ball 2-1: SINGLE (Line Drive, 8LS, EV 95.0 MPH) Jonathan Black to second Runner from 2nd tries for 3rd, SAFE, no throw by CF
|
Batting: RHB Ruben Machado
|
0-0: Ball 1-0: Ball 2-0: Called Strike 2-1: Foul Ball, location: 2F 2-2: Ball 3-2: Base on Balls Roger Jensen to second
|
Batting: SHB Eriberto Them
|
0-0: Called Strike 0-1: Ball 1-1: Fly out, F3 (Line Drive, 3, EV 65.6 MPH)
|
Batting: LHB Shane Fairbanks
|
0-0: Called Strike 0-1: Foul Ball, location: 2F 0-2: Foul Ball, location: 2F 0-2: Ball Wild Pitch! Jonathan Black scores Roger Jensen to third Ruben Machado to second 1-2: Ball 2-2: Foul Ball, location: 2F 2-2: Foul Ball, location: 2F 2-2: Foul Ball, location: 2F 2-2: Foul Ball, location: 2F 2-2: Foul Ball, location: 2F 2-2: Foul Ball, location: 2F 2-2: DOUBLE (Line Drive, 8LXD, EV 103.1 MPH) Roger Jensen scores Ruben Machado scores
|
Batting: LHB John Mizerock
|
0-0: Called Strike 0-1: Foul Ball, location: 2F 0-2: Strikes out swinging
|
Batting: RHB Matthew Sferrazza
|
0-0: Called Strike 0-1: Called Strike 0-2: Ball 1-2: Strikes out swinging
|
Bottom of the 4th over - 3 runs, 3 hits, 0 errors, 1 left on base; Walla Walla 0 - Kennewick 3 |
TOP OF THE 5TH |
Walla Walla Walleyes batting - Pitching for Kennewick Bear Cubs : LHP Kevin Brown
|
Batting: LHB Brian Hartsock
|
0-0: Ball 1-0: Fly out, F7 (Flyball, 7D, EV 94.4 MPH)
|
Batting: SHB Rafael Rivas
|
0-0: Foul Ball, location: 2F 0-1: Ball 1-1: Swinging Strike 1-2: Foul Ball, location: 2F 1-2: Ball 2-2: Ground out 4-3 (Groundball, 4, EV 101.3 MPH)
|
Batting: RHB Mitch Lyden
|
0-0: Called Strike 0-1: Ball 1-1: Fly out, F5 (Popup, 15, EV 80.6 MPH)
|
Top of the 5th over - 0 runs, 0 hits, 0 errors, 0 left on base; Walla Walla 0 - Kennewick 3 |
BOTTOM OF THE 5TH |
Kennewick Bear Cubs batting - Pitching for Walla Walla Walleyes : RHP Tom Edens
|
Batting: LHB Steven Morris
|
0-0: Ball 1-0: SINGLE (Groundball, 34D, EV 102.5 MPH)
|
Batting: LHB Jose Birriel
|
0-0: Called Strike 0-1: Swinging Strike 0-2: Ball 1-2: Ball 2-2: Ball 3-2: Foul Ball, location: 2F 3-2: SINGLE (Groundball, 6MD, EV 98.8 MPH) Steven Morris to second
|
Batting: RHB Jonathan Black
|
0-0: Ball 1-0: Ball 2-0: Ball 3-0: Called Strike 3-1: Base on Balls Steven Morris to third Jose Birriel to second
|
Batting: RHB Roger Jensen
|
0-0: Called Strike 0-1: Foul Ball, location: 2F 0-2: Ball 1-2: Ball Wild Pitch! Steven Morris scores Jose Birriel to third Jonathan Black to second 2-2: Reached on error, E3 (Groundball, 34, EV 104.4 MPH) Jose Birriel scores Jonathan Black scores
|
Batting: RHB Ruben Machado
|
0-0: Fly out, F8 (Flyball, 89D, EV 89.4 MPH) Runner from 2nd tags up, SAFE at 3rd, no throw by CF
|
Batting: SHB Eriberto Them
|
0-0: Foul Ball, location: 2F 0-1: Called Strike 0-2: Hit by Pitch
|
Batting: LHB Shane Fairbanks
|
0-0: Fielders Choice at 2nd, 3-6 (Groundball, 3, EV 101.3 MPH) Roger Jensen scores
|
Batting: LHB John Mizerock
|
0-0: Swinging Strike 0-1: Ball 1-1: Swinging Strike 1-2: Foul Ball, location: 2F 1-2: Ball Passed Ball! Shane Fairbanks to second 2-2: Strikes out swinging
|
Bottom of the 5th over - 4 runs, 2 hits, 1 error, 1 left on base; Walla Walla 0 - Kennewick 7 |
TOP OF THE 6TH |
Walla Walla Walleyes batting - Pitching for Kennewick Bear Cubs : LHP Kevin Brown
|
Batting: SHB Damon Farmar
|
0-0: Called Strike 0-1: Foul Ball, location: 2F 0-2: Fly out, F8 (Flyball, 8LS, EV 84.4 MPH)
|
Batting: RHB John Cortez
|
0-0: Called Strike 0-1: Called Strike 0-2: Ball 1-2: Strikes out looking
|
Batting: RHB Curtis Burke
|
0-0: Ball 1-0: Ball 2-0: Ball 3-0: Base on Balls
|
Batting: SHB Mike A Brumley
|
0-0: Fly out, F8 (Flyball, 8RM, EV 86.9 MPH)
|
Top of the 6th over - 0 runs, 0 hits, 0 errors, 1 left on base; Walla Walla 0 - Kennewick 7 |
BOTTOM OF THE 6TH |
Kennewick Bear Cubs batting - Pitching for Walla Walla Walleyes : RHP Tom Edens
|
Batting: RHB Matthew Sferrazza
|
0-0: Called Strike 0-1: Foul Ball, location: 2F 0-2: Ball 1-2: Ball 2-2: Ball 3-2: Base on Balls
|
Batting: LHB Steven Morris
|
0-0: Ball 1-0: Called Strike Matthew Sferrazza is caught stealing 2nd base 2-6 1-1: Ball 2-1: Foul Ball, location: 2F 2-2: Foul Ball, location: 2F 2-2: Foul Ball, location: 2F 2-2: Fly out, F7 (Flyball, 7D, EV 74.4 MPH)
|
Batting: LHB Jose Birriel
|
0-0: Ball 1-0: Called Strike 1-1: Ball 2-1: Swinging Strike 2-2: Fly out, F8 (Flyball, 8LD, EV 86.3 MPH)
|
Bottom of the 6th over - 0 runs, 0 hits, 0 errors, 0 left on base; Walla Walla 0 - Kennewick 7 |
TOP OF THE 7TH |
Walla Walla Walleyes batting - Pitching for Kennewick Bear Cubs : LHP Kevin Brown
|
Batting: RHB Osbe Hoskins
|
0-0: Called Strike 0-1: Ball 1-1: Fly out, F9 (Line Drive, 9, EV 93.8 MPH)
|
Batting: SHB Jeff McKnight
|
0-0: Ball 1-0: Called Strike 1-1: Ground out 3-1 (Groundball, 34S, EV 78.8 MPH)
|
Batting: LHB Brian Hartsock
|
0-0: SINGLE (Flyball, 5D, EV 92.5 MPH)
|
Batting: SHB Rafael Rivas
|
0-0: Ball 1-0: Called Strike 1-1: 2-RUN HOME RUN (Flyball, 7D, EV 108.1 MPH), Distance : 356 ft
|
Batting: RHB Mitch Lyden
|
0-0: Ball 1-0: Called Strike 1-1: Fly out, F6 (Popup, 6MS, EV 74.4 MPH)
|
Top of the 7th over - 2 runs, 2 hits, 0 errors, 0 left on base; Walla Walla 2 - Kennewick 7 |
BOTTOM OF THE 7TH |
Kennewick Bear Cubs batting - Pitching for Walla Walla Walleyes : RHP Tom Edens
|
Pitching: LHP Mike C Jones
|
|
Batting: RHB Jonathan Black
|
0-0: Swinging Strike 0-1: Ball 1-1: Swinging Strike 1-2: SOLO HOME RUN (Flyball, 78XD, EV 105.6 MPH), Distance : 411 ft
|
Batting: RHB Roger Jensen
|
0-0: Ground out 5-3 (Groundball, 56S, EV 76.9 MPH)
|
Batting: RHB Ruben Machado
|
0-0: Ball 1-0: Ball 2-0: Called Strike 2-1: Foul Ball, location: 2F 2-2: Ball 3-2: Foul Ball, location: 2F 3-2: Strikes out swinging
|
Batting: SHB Eriberto Them
|
0-0: Called Strike 0-1: SOLO HOME RUN (Flyball, 7D, EV 101.3 MPH), Distance : 356 ft
|
Batting: LHB Shane Fairbanks
|
0-0: Foul Ball, location: 2F 0-1: Called Strike 0-2: Foul Ball, location: 2F 0-2: Ground out 3-1 (Groundball, 34S, EV 82.5 MPH)
|
Bottom of the 7th over - 2 runs, 2 hits, 0 errors, 0 left on base; Walla Walla 2 - Kennewick 9 |
TOP OF THE 8TH |
Walla Walla Walleyes batting - Pitching for Kennewick Bear Cubs : LHP Kevin Brown
|
Batting: SHB Damon Farmar
|
0-0: Ball 1-0: Swinging Strike 1-1: Ball 2-1: Foul Ball, location: 2F 2-2: Fly out, F9 (Flyball, 9D, EV 97.5 MPH)
|
Batting: RHB John Cortez
|
0-0: Ball 1-0: Called Strike 1-1: Swinging Strike 1-2: Foul Ball, location: 2F 1-2: SINGLE (Groundball, 3D, EV 100.0 MPH)
|
Pitching: RHP Calvin Schiraldi
|
|
Pinch Hitting: LHB Pablo Moncerratt
|
0-0: Ball 1-0: Ball 2-0: Called Strike 2-1: Called Strike 2-2: Foul Ball, location: 2F 2-2: Ball 3-2: Strikes out swinging
|
Pinch Hitting: RHB Michael Conte
|
0-0: Ball 1-0: Called Strike 1-1: Foul Ball, location: 2F 1-2: Strikes out swinging
|
Top of the 8th over - 0 runs, 1 hit, 0 errors, 1 left on base; Walla Walla 2 - Kennewick 9 |
BOTTOM OF THE 8TH |
Kennewick Bear Cubs batting - Pitching for Walla Walla Walleyes : LHP Mike C Jones
|
Now at SS: Leo Cardenas
|
|
Now in RF: Michael Prosper
|
|
Batting: LHB John Mizerock
|
0-0: Ball 1-0: Ball 2-0: Fly out, F2 (Popup, 25F, EV 91.9 MPH)
|
Batting: RHB Matthew Sferrazza
|
0-0: Ball 1-0: SINGLE (Flyball, 89S, EV 91.9 MPH)
|
Batting: LHB Steven Morris
|
0-0: Ball 1-0: Called Strike 1-1: Foul Ball, location: 2F 1-2: Ball 2-2: Ball 3-2: Fielders Choice at 2nd, 6-4 (Groundball, 6, EV 78.8 MPH)
|
Batting: LHB Jose Birriel
|
0-0: Ball 1-0: Ground out U3 (Groundball, 3L, EV 109.4 MPH)
|
Bottom of the 8th over - 0 runs, 1 hit, 0 errors, 1 left on base; Walla Walla 2 - Kennewick 9 |
TOP OF THE 9TH |
Walla Walla Walleyes batting - Pitching for Kennewick Bear Cubs : RHP Calvin Schiraldi
|
Batting: RHB Osbe Hoskins
|
0-0: Swinging Strike 0-1: Ball 1-1: Foul Ball, location: 2F 1-2: Ball 2-2: SINGLE (Line Drive, 8RS, EV 105.0 MPH)
|
Batting: SHB Jeff McKnight
|
0-0: Foul Ball, location: 2F 0-1: Called Strike 0-2: SINGLE (Groundball, 56D, EV 111.3 MPH) Osbe Hoskins to second
|
Pinch Hitting: RHB Patrick Pomeranz
|
0-0: Foul Ball, location: 2F 0-1: Swinging Strike 0-2: Strikes out swinging
|
Batting: SHB Rafael Rivas
|
0-0: Ball 1-0: Swinging Strike 1-1: Foul Ball, location: 2F 1-2: Foul Ball, location: 2F 1-2: Foul Ball, location: 2F 1-2: Foul Ball, location: 2F 1-2: Ball 2-2: Foul Ball, location: 2F 2-2: Foul Ball, location: 2F 2-2: Foul Ball, location: 2F 2-2: 3-RUN HOME RUN (Flyball, 9LD, EV 90.6 MPH), Distance : 356 ft
|
Pitching: RHP Bryan Funk
|
|
Batting: RHB Mitch Lyden
|
0-0: Ball 1-0: Ball 2-0: SINGLE (Groundball, 34S, EV 81.3 MPH) (infield hit)
|
Batting: SHB Damon Farmar
|
0-0: Called Strike 0-1: Called Strike 0-2: Foul Ball, location: 2F 0-2: Ball 1-2: Ball 2-2: Fielders Choice at 2nd, 4-6 (Groundball, 4, EV 103.8 MPH)
|
Batting: RHB John Cortez
|
0-0: Ball 1-0: Fielders Choice at 2nd, U4 (Groundball, 4M, EV 102.5 MPH)
|
Top of the 9th over - 3 runs, 4 hits, 0 errors, 1 left on base; Walla Walla 5 - Kennewick 9 |
|